 Dungeon Crawl Stone Soup version 0.24-a0-284-g9fb9971 (webtiles) character file.

Game seed: 4673196047399376990

52924 MatthieuS the Thaumaturge (level 14, -4/84 HPs)
             Began as a Deep Elf Fire Elementalist on May 4, 2019.
             Was the Champion of Kikubaaqudgha.
             Killed by divine providence
             ... invoked by an orc high priest
              (14 damage)
             ... on level 1 of the Orcish Mines on May 5, 2019.
             The game lasted 00:53:23 (23103 turns).

MatthieuS the Thaumaturge (DEFE)                   Turns: 23103, Time: 00:53:23

Health: -4/84      AC:  9    Str:  5    XL:     14   Next: 29%
Magic:  14/33      EV: 26    Int: 36    God:    Kikubaaqudgha [******]
Gold:   832        SH:  0    Dex: 20    Spells: 6/39 levels left

rFire    + + +     SeeInvis .   A - staff of fire
rCold    + . .     Gourm    .   (no shield)
rNeg     . . .     Faith    .   w - +2 robe {rF+}
rPois    .         Spirit   .   (helmet restricted)
rElec    +         Reflect  .   b - +2 cloak
rCorr    .         Harm     .   y - +0 pair of gloves
MR       +....                  F - +0 pair of boots
Stlth    +++.......             k - amulet of magic regeneration
HPRegen  0.24/turn              J - +5 ring of intelligence
MPRegen  0.48/turn              B - ring of protection from fire

@: brilliant, agile, berserk cooldown, very slightly contaminated, slowed, very
slow
A: horns 1, cold resistance 1, electricity resistance
a: Receive Corpses, Torment, Renounce Religion


You were on level 1 of the Orcish Mines.
You worshipped Kikubaaqudgha.
Kikubaaqudgha was exalted by your worship.
You were not hungry.

You visited 3 branches of the dungeon, and saw 19 of its levels.

You collected 1278 gold pieces.
You spent 446 gold pieces at shops.

Inventory:

Hand Weapons
 j - the +9 flail of Suashril {flame, rElec MP+9 Str+2 Dex-5}
   (You bought it in a shop on level 7 of the Dungeon)

   It has been specially enchanted to burn those struck by it, causing extra
   injury to most foes and up to half again as much damage against particularly
   susceptible opponents.
   It affects your strength (+2).
   It affects your dexterity (-5).
   It insulates you from electricity.
   It affects your magic capacity (+9).
 m - a +3 short sword of flaming
   (You found it on level 2 of the Dungeon)
Missiles
 o - 2 throwing nets (quivered) {!f}
Armour
 b - a +2 cloak (worn)
   (You found it on level 3 of the Lair of Beasts)
 w - a +2 robe of fire resistance (worn)
   (You found it on level 4 of the Lair of Beasts)
 y - a +0 pair of gloves (worn)
   (You found it on level 8 of the Dungeon)
 F - a +0 pair of boots (worn)
   (You found it on level 10 of the Dungeon)
Magical Staves
 A - an uncursed staff of fire (weapon)
   (You found it on level 9 of the Dungeon)
 G - an uncursed staff of conjuration {!a}
   (You found it on level 10 of the Dungeon)
Jewellery
 k - an amulet of magic regeneration (around neck)
   (You found it on level 2 of the Dungeon)
 v - an uncursed ring of protection from cold
   (You found it on level 9 of the Dungeon)
 B - a ring of protection from fire (right hand)
   (You found it on level 12 of the Dungeon)
 J - a +5 ring of intelligence (left hand)
   (You found it on level 3 of the Lair of Beasts)
Wands
 d - a wand of iceblast (5)
   (You found it on level 1 of the Lair of Beasts)
 t - a wand of flame (16)
   (You found it on level 2 of the Lair of Beasts)
 x - a wand of acid (6)
   (You found it on level 7 of the Dungeon)
Scrolls
 a - a scroll of enchant armour
 f - 6 scrolls of identify {@r1}
 g - 6 scrolls of remove curse {@r2}
 h - 3 scrolls of immolation {!r}
 n - 8 scrolls of amnesia
 p - a scroll of magic mapping
 q - a scroll of fear
 r - a scroll of fog
 u - 5 scrolls of teleportation {@r4}
 N - a scroll of vulnerability {!r}
Potions
 l - 2 potions of lignification {!q}
 z - 4 potions of might
 C - a potion of haste {@q3}
 D - a potion of flight
 I - a potion of curing {@q1}
 K - a potion of mutation {!q}
 L - 2 potions of agility
Comestibles
 e - 10 rations


   Skills:
 + Level 8.9 Fighting
 + Level 10.4 Dodging
 - Level 2.4 Stealth
 + Level 13.4 Spellcasting
 + Level 11.3 Conjurations
 + Level 11.4 Necromancy
 + Level 11.7 Fire Magic
 - Level 8.2 Earth Magic


You had 6 spell levels left.
You knew the following spells:

 Your Spells              Type           Power        Failure   Level  Hunger
a - Flame Tongue          Conj/Fire      #####        0%          1    None
b - Throw Flame           Conj/Fire      ######       0%          2    None
c - Inner Flame           Hex/Fire       #######.     1%          3    None
d - Conjure Flame         Conj/Fire      ########     1%          3    None
e - Sublimation of Blood  Necr           #######...   0%          2    None
f - Borgnjor's Vile Clut  Necr/Erth      #######...   1%          5    None
g - Infestation           Necr           #######...   11%         8    ######.
q - Sticky Flame          Conj/Fire      ########     1%          4    None
x - Fireball              Conj/Fire      ########..   1%          5    None

Your spell library contained the following spells:

 Spells                   Type           Power        Failure   Level  Hunger
 Animate Skeleton         Necr           N/A          0%          1    None
 Pain                     Necr           ####         0%          1    None
 Apportation              Tloc           #####.       1%          1    None
 Confusing Touch          Hex            #####.       1%          1    None
 Sandblast                Erth           ######       1%          1    None
 Summon Small Mammal      Summ           ####         1%          1    None
 Passwall                 Tmut/Erth      ######..     1%          2    None
 Stone Arrow              Conj/Erth      ######       1%          3    None
 Vampiric Draining        Necr           #######...   1%          3    None
 Petrify                  Tmut/Erth      ######..     1%          4    None
 Dispel Undead            Necr           #######.     1%          5    None
 Excruciating Wounds      Chrm/Necr      ######....   1%          5    None
 Lee's Rapid Deconstruct  Erth           #######...   1%          5    None
 Death Channel            Necr           #######...   1%          6    ###....
 Simulacrum               Ice/Necr       ######....   3%          6    ###....
 Borgnjor's Revivificati  Necr           #######...   11%         8    ######.
 Haunt                    Necr/Summ      ######....   14%         7    #####..
 Death's Door             Chrm/Necr      ######....   65%         8    ######.
 Necromutation            Tmut/Necr      ######....   65%         8    ######.


Dungeon Overview and Level Annotations

Branches:
Dungeon (12/15)            Temple (0/1) D:6            Lair (6/6) D:9
  Swamp (0/4) Lair:3        Snake (0/4) Lair:2        Slime (0/5) Lair:6
    Orc (1/2) D:9

Altars:
Elyvilon
Fedhas
Gozag
Kikubaaqudgha
Makhleb
Nemelex Xobeh
Ru
Yredelemnul
Zin
Beogh

Shops:
D:7 (   D:8 ?   D:12 (

Annotations:
D:7 Prince Ribbit
Orc:1 1 transporter


Innate Abilities, Weirdness & Mutations

You have a pair of small horns on your head.
Your flesh is cold resistant. (rC+)
You are resistant to electric shocks. (rElec)


Message History

Found a scroll of fog and 17 gold pieces.
The orc high priest utters an invocation to Beogh.
The orc high priest calls upon Beogh to heal something.
The orc knight roars a battlecry!
The orcs go into a battle-frenzy!
The sixfirhy completely misses you. x2
The sixfirhy hits you but does no damage.
The sixfirhy hits you! The sixfirhy shocks you. You resist.
The sixfirhy hits you!
* * * LOW HITPOINT WARNING * * *
The sixfirhy shocks you. You resist.
* * * LOW HITPOINT WARNING * * *
The sixfirhy hits you.
* * * LOW HITPOINT WARNING * * *
The sixfirhy shocks you. You resist.
* * * LOW HITPOINT WARNING * * *
A red film seems to cover your vision as you go berserk!
You feel yourself moving faster!
You feel mighty! The sixfirhy completely misses you.
The orc wizard gestures at you while chanting.
The magic dart hits you.
* * * LOW HITPOINT WARNING * * *
The orc priest calls down the wrath of Beogh upon you.
Beogh smites you!
* * * LOW HITPOINT WARNING * * *
You feel a strong urge to attack something.
The orc wizard casts a spell.
The orc wizard seems to speed up.
The orc knight misses you.
You feel your anger nearly subside. The orc wizard closely misses you.
You are no longer berserk.
You are exhausted.
You feel yourself slow down. The sixfirhy completely misses you.
The sixfirhy completely misses you. The sixfirhy hits you.
* * * LOW HITPOINT WARNING * * *
The sixfirhy shocks you. You resist.
* * * LOW HITPOINT WARNING * * *
The sixfirhy hits you.
* * * LOW HITPOINT WARNING * * *
The sixfirhy shocks you. You resist.
* * * LOW HITPOINT WARNING * * *
Blink to where?
You are very lightly contaminated with residual magic.
As you read the scroll of blinking, it crumbles to dust.
The orc high priest calls down the wrath of Beogh upon you.
Beogh smites you!
You die...
Kikubaaqudgha rasps: "You have failed me!
Welcome... death!"

.....##......##o3o.#$#$...#......
.....#...#....#3#$..oo.?#.#......
#.......#.....#§##.8)8.##C#......
#..##...##.#.©#.#..._)..#©#©.....
.......####...#.##.8.8)##.#......
.#..#.## ##..#.#..$))..#.#......
.#...## ##...#...[#)#)..(#...$..
##...# ##...##...#####.$.#......
###.## #...####@...©....##......
###.## #...# ########## .....
#...# ##.## .... ##.## ### ###


You could see an orc high priest, a sixfirhy and an orc priest.

Vanquished Creatures
  A stone giant (Orc:1)
  6 dire elephants (Lair:6)
  Snorg (D:11)
  7 hydras
  An anaconda (Lair:6)
  A two-headed ogre (D:9)
  3 death yaks (Lair:6)
  Urug (Lair:2)
  3 ugly things (D:11)
  A cyclops (D:12)
  2 manticores (D:12)
  4 black mambas
  7 elephants
  Joseph (D:7)
  Psyche (D:11)
  12 spiny frogs
  6 komodo dragons
  6 rime drakes (Lair:5)
  2 trolls
  A polar bear (Lair:2)
  Grinder (D:4)
  9 blink frogs
  7 hippogriffs
  8 dream sheep
  2 spriggans (Lair:1)
  A shadow (D:11)
  4 wyverns
  A vampire (D:12)
  4 basilisks
  36 yaks
  2 hungry ghosts
  A naga (Lair:2)
  A soldier ant (D:11)
  15 porcupines
  7 orc warriors
  9 water moccasins
  6 black bears
  4 ice beasts
  3 sky beasts
  An eye of draining (D:9)
  5 centaurs
  6 ogres
  22 wolves
  10 crocodiles
  2 big kobolds
  11 bullfrogs
  3 scorpions
  5 killer bees (D:7)
  8 howler monkeys
  2 vampire bats (D:3)
  4 crimson imps
  2 bullfrog zombies
  7 orc priests
  A quasit (D:9)
  11 hounds
  3 jellies
  4 centaur skeletons
  4 bullfrog skeletons
  4 iguanas
  9 orc wizards
  6 worker ants
  A killer bee zombie (D:7)
  2 hound skeletons
  2 worker ant zombies
  5 gnolls
  8 adders
  5 shadow imps
  12 white imps (Lair:3)
  2 oozes
  An adder skeleton (D:7)
  A worm (D:2)
  3 dart slugs
  7 leopard geckos
  39 orcs
  7 bats
  4 bat skeletons (D:3)
  A bat zombie (D:3)
  6 giant cockroaches
  6 goblins
  8 hobgoblins
  13 jackals
  9 quokkas
  7 frilled lizards
  2 jackal skeletons
  16 kobolds
  A leopard gecko zombie (D:6)
  A quokka skeleton (D:8)
  A quokka zombie (D:9)
  6 rats
  A spectral orc (D:6)
  3 fungi
  3 plants
501 creatures vanquished.

Vanquished Creatures (others)
  9 fungi
  12 plants
21 creatures vanquished.

Grand Total: 522 creatures vanquished

Notes
Turn   | Place    | Note
-------+----------+-------------------------------------------
     0 | D:1      | MatthieuS the Deep Elf Fire Elementalist began the quest
                  | for the Orb.
     0 | D:1      | Reached XP level 1. HP: 10/10 MP: 6/6
   435 | D:1      | Reached XP level 2. HP: 16/16 MP: 4/8
   639 | D:1      | Reached XP level 3. HP: 14/20 MP: 1/10
   902 | D:1      | Reached skill level 1 in Fighting
  1188 | D:2      | Learned a level 2 spell: Throw Flame
  1192 | D:2      | Learned a level 3 spell: Conjure Flame
  1196 | D:2      | Learned a level 3 spell: Inner Flame
  1529 | D:2      | Reached skill level 4 in Spellcasting
  1529 | D:2      | Reached XP level 4. HP: 15/25 MP: 9/12
  2656 | D:3      | Reached XP level 5. HP: 28/30 MP: 0/13
  2663 | D:3      | Found an ancient bone altar of Kikubaaqudgha.
  2776 | D:3      | Became a worshipper of Kikubaaqudgha
  2808 | D:3      | Found a white marble altar of Elyvilon.
  3033 | D:3      | Found a faded altar of an unknown god.
  3536 | D:4      | Reached XP level 6. HP: 17/35 MP: 10/15
  3705 | D:3      | Reached skill level 5 in Spellcasting
  3711 | D:3      | Learned a level 4 spell: Sticky Flame
  3883 | D:4      | Noticed Grinder
  4004 | D:4      | Reached skill level 5 in Fire Magic
  4017 | D:4      | Killed Grinder
  4017 | D:4      | Reached XP level 7. HP: 41/41 MP: 0/17
  4247 | D:4      | Reached skill level 6 in Spellcasting
  4407 | D:4      | Reached * piety under Kikubaaqudgha
  4407 | D:4      | Identified Kikubaaqudgha's Grimoire of Dark Secrets
                  | (Kikubaaqudgha gifted it to you on level 4 of the Dungeon)
  4407 | D:4      | Received a gift from Kikubaaqudgha
  4412 | D:4      | Learned a level 2 spell: Sublimation of Blood
  4500 | D:4      | Found a blossoming altar of Fedhas.
  4719 | D:5      | Entered Level 5 of the Dungeon
  4722 | D:5      | Reached skill level 1 in Necromancy
  5148 | D:5      | Reached XP level 8. HP: 46/46 MP: 6/19
  5192 | D:5      | You fall through a shaft for 3 floors!
  5242 | D:7      | Found an opulent altar of Gozag.
  5257 | D:6      | Reached skill level 5 in Conjurations
  5739 | D:6      | Reached skill level 7 in Spellcasting
  6196 | D:6      | Found a basalt altar of Yredelemnul.
  6387 | D:6      | Reached ** piety under Kikubaaqudgha
  6421 | D:6      | Found a staircase to the Ecumenical Temple.
  6517 | D:7      | Reached XP level 9. HP: 48/52 MP: 4/22
  6532 | D:7      | Found Vits's Antique Weapon Emporium.
  6864 | D:7      | Reached skill level 8 in Spellcasting
  6875 | D:7      | Noticed Joseph
  6899 | D:7      | Killed Joseph
  7245 | D:7      | Bought a transparent flail for 229 gold pieces
  7245 | D:7      | Identified the +9 flail of Suashril {flame, rElec MP+9
                  | Str+2 Dex-5} (You bought it in a shop on level 7 of the
                  | Dungeon)
  7293 | D:7      | Reached skill level 5 in Necromancy
  7672 | D:7      | Noticed Prince Ribbit
  7891 | D:7      | Reached skill level 5 in Fighting
  7996 | D:8      | Reached *** piety under Kikubaaqudgha
  7996 | D:8      | Identified Kikubaaqudgha's Guide on Necromancy
                  | (Kikubaaqudgha gifted it to you on level 8 of the Dungeon)
  7996 | D:8      | Received a gift from Kikubaaqudgha
  8004 | D:8      | Learned a level 5 spell: Fireball
  8010 | D:8      | Learned a level 5 spell: Borgnjor's Vile Clutch
  8197 | D:8      | Found Foat's Magic Scroll Emporium.
  8213 | D:8      | Found a sparkling altar of Nemelex Xobeh.
  8216 | D:8      | Bought a scroll of teleportation for 45 gold pieces
  8216 | D:8      | Bought a scroll of enchant armour for 112 gold pieces
  8216 | D:8      | Bought a scroll of identify for 30 gold pieces
  8216 | D:8      | Bought a scroll of identify for 30 gold pieces
  8562 | D:8      | Reached skill level 9 in Spellcasting
  8562 | D:8      | Reached skill level 1 in Earth Magic
  8685 | D:9      | Noticed a two-headed ogre
  8965 | D:9      | Killed a two-headed ogre
  8965 | D:9      | Reached XP level 10. HP: 14/59 MP: 18/25
  9750 | D:9      | Found a staircase to the Orcish Mines.
  9877 | D:9      | Found a sacrificial altar of Ru.
  9922 | D:9      | Found a staircase to the Lair.
 10089 | D:9      | Found a glowing silver altar of Zin.
 10089 | D:9      | Noticed an angel
 10131 | D:10     | Entered Level 10 of the Dungeon
 10730 | D:10     | Reached **** piety under Kikubaaqudgha
 11391 | Lair:1   | Entered Level 1 of the Lair of Beasts
 11465 | Lair:1   | Noticed a black mamba
 11730 | Lair:1   | Reached skill level 5 in Dodging
 11730 | Lair:1   | Reached skill level 10 in Spellcasting
 11783 | Lair:1   | You fall through a shaft!
 11788 | Lair:2   | Noticed a spiny frog
 11819 | Lair:1   | Noticed a spiny frog
 11832 | Lair:1   | Killed a spiny frog
 12054 | Lair:1   | Found a burning altar of Makhleb.
 12066 | Lair:1   | Reached XP level 11. HP: 64/64 MP: 19/27
 13567 | Lair:2   | Reached skill level 5 in Earth Magic
 13648 | Lair:2   | Found a staircase to the Snake Pit.
 14282 | Lair:3   | Noticed Urug
 14528 | Lair:2   | Killed Urug
 14669 | Lair:3   | Found a staircase to the Swamp.
 14848 | Lair:3   | Gained mutation: Your flesh is cold resistant. (rC+)
                  | [potion of mutation]
 14848 | Lair:3   | Gained mutation: You have a pair of small horns on your
                  | head. [potion of mutation]
 14848 | Lair:3   | Gained mutation: You are resistant to electric shocks.
                  | (rElec) [potion of mutation]
 14918 | Lair:3   | Noticed a six-headed hydra
 14922 | Lair:3   | Killed a six-headed hydra
 14922 | Lair:3   | Reached skill level 11 in Spellcasting
 15107 | Lair:3   | Reached ***** piety under Kikubaaqudgha
 15589 | Lair:3   | Reached XP level 12. HP: 72/72 MP: 18/29
 16103 | Lair:4   | Noticed a seven-headed hydra
 16106 | Lair:4   | Killed a seven-headed hydra
 16488 | Lair:4   | Reached skill level 10 in Fire Magic
 17237 | Lair:5   | Noticed a six-headed hydra
 17518 | Lair:5   | Noticed an eight-headed hydra
 17521 | Lair:5   | Killed an eight-headed hydra
 17568 | Lair:5   | Reached skill level 10 in Conjurations
 17690 | Lair:5   | Killed a six-headed hydra
 17716 | Lair:5   | Reached skill level 12 in Spellcasting
 18149 | Lair:5   | Reached XP level 13. HP: 78/78 MP: 20/31
 18405 | Lair:5   | Reached skill level 10 in Necromancy
 18748 | Lair:6   | Entered Level 6 of the Lair of Beasts
 19199 | Lair:6   | Found a staircase to the Slime Pits.
 20109 | Lair:6   | Noticed a dire elephant
 20116 | Lair:6   | Killed a dire elephant
 20116 | Lair:6   | Reached ****** piety under Kikubaaqudgha
 20177 | Lair:6   | Noticed a dire elephant
 20177 | Lair:6   | Noticed a dire elephant
 20181 | Lair:6   | Killed a dire elephant
 20181 | Lair:6   | Killed a dire elephant
 20231 | Lair:6   | Noticed a dire elephant
 20241 | Lair:6   | Noticed a dire elephant
 20245 | Lair:6   | Killed a dire elephant
 20249 | Lair:6   | Killed a dire elephant
 20387 | Lair:6   | Noticed a dire elephant
 20394 | Lair:6   | Killed a dire elephant
 20503 | Lair:6   | Reached skill level 13 in Spellcasting
 21044 | D:11     | Noticed Psyche
 21045 | D:11     | Noticed Snorg
 21050 | D:11     | Killed Psyche
 21051 | D:11     | Reached XP level 14. HP: 84/84 MP: 14/33
 21054 | D:11     | Killed Snorg
 21054 | D:11     | Reached skill level 10 in Dodging
 21838 | D:12     | Received a gift from Kikubaaqudgha
 21852 | D:12     | Learned a level 8 spell: Infestation
 22491 | D:12     | Found Raoluoth's Antique Weapon Shop.
 22822 | Orc:1    | Entered Level 1 of the Orcish Mines
 22974 | Orc:1    | Found a transporter.
 22982 | Orc:1    | Noticed a stone giant
 22984 | Orc:1    | Noticed a stone giant
 23063 | Orc:1    | Found a roughly hewn altar of Beogh.
 23063 | Orc:1    | Found a transporter.
 23078 | Orc:1    | Killed a stone giant
 23103 | Orc:1    | Killed from afar by an orc high priest

Levels and vault maps discovered:
D:1:      dpeg_arrival_signposts, layout_basic
D:2:      cheibrodos_pilgrimage, layout_loops_ring, uniq_crazy_yiuf_cottage
D:3:      layout_basic, lemuel_crystal_altar, kennysheep_vampire_church,
          first_ration, chequers_ecumenical_altar_twisty
D:4:      layout_loops_ring, fedhas_bush_and_centaur_altar, minivault_24,
          grunt_decor_arrowhead, uniq_grinder
D:5:      layout_gridville
D:6:      layout_basic, yredelemnul_forgotten_temple_becter,
          minmay_temple_entry_glassed_door, nrook_campfire
D:7:      layout_basic, serial_shops, nicolae_shop_stone,
          nicolae_gozag_seed_capital, uniq_joseph, uniq_prince_ribbit1
D:8:      layout_gridville, overflow_temple_1_default, serial_shops, shop,
          minmay_crystal_room
D:9:      layout_long_grid, zin_angel, grunt_lair_entry_orc_guard_hut,
          orc_0_dummy, nicolae_ru_path_of_blood
D:10:     layout_grid_maze
D:11:     layout_roguey, uniq_psyche, uniq_snorg
D:12:     layout_roguey, serial_shops, shop_statue
Lair:1:   wad_woods_stonehenge, layout_gridlike
Lair:2:   wander_river, layout_loops_ring, guppyfry_snake_entry_island,
          enter_volcano_1, lemuel_fruit_tree
Lair:3:   layout_concentric_octagons, swamp_mist, portal_ice_cave_entry_imps,
          beast_lair_carwin_9, uniq_urug
Lair:4:   layout_layer_cave, infiniplex_staircase_pool_2
Lair:5:   layout_roguey, serial_bayou_shore_b
Lair:6:   due_jungle_book, layout_cave_pods, slime_dummy, st_stairs_3
Orc:1:    gammafunk_beogh_shrine, layout_diamond_mine, serial_shops,
          nicolae_shop_trees

Skill      XL: |  1  2  3  4  5  6  7  8  9 10 11 12 13 14 |
---------------+-------------------------------------------+-----
Fighting       | 1 2 3 4 5 6 7 8 |  8.9
Conjurations   | 2 3 4 6 7 8 9 10 11 | 11.3
Spellcasting   | 4 5 6 7 9 10 11 12 13 | 13.4
Fire Magic     | 4 5 6 7 8 9 10 11 | 11.7
Necromancy     | 2 4 6 7 8 9 11 | 11.4
Dodging        | 3 5 7 8 9 10 | 10.4
Earth Magic    | 2 4 5 7 8 |  8.2
Stealth        | |  2.4

Action                   |  1- 3 |  4- 6 |  7- 9 | 10-12 | 13-15 || total
-------------------------+-------+-------+-------+-------+-------++-------
Melee: Short sword       |       |     2 |    90 |       |       ||    92
       Flail             |       |       |    11 |       |       ||    11
       Staff             |       |       |       |     9 |    17 ||    26
       Headbutt          |       |       |       |     1 |     8 ||     9
 Cast: Flame Tongue      |    52 |    77 |   115 |   132 |    50 ||   426
       Throw Flame       |     4 |    44 |   186 |   216 |    80 ||   530
       Conjure Flame     |       |     1 |     4 |     8 |     2 ||    15
       Sticky Flame      |       |     1 |     6 |    21 |     9 ||    37
       Inner Flame       |       |       |     1 |       |       ||     1
       Fireball          |       |       |       |    74 |    88 ||   162
       Borgnjor's Vile C |       |       |       |    32 |    58 ||    90
Invok: Receive Necronomi |       |       |       |       |     1 ||     1
Evoke: Wand              |       |       |       |       |     2 ||     2
  Use: Scroll            |       |     4 |     7 |    15 |     7 ||    33
       Potion            |       |       |     8 |     4 |     4 ||    16
  Eat: Chunk             |     2 |     5 |     6 |    15 |    11 ||    39
       Ration            |       |     1 |     4 |     6 |     2 ||    13
Armor: Robe              |     1 |     8 |    33 |    16 |     8 ||    66
Dodge: Dodged            |    18 |    33 |   150 |   127 |    63 ||   391

Table legend:
 A = Non-vault XP
 B = Vault XP
 C = Vault XP percentage of total XP
 D = Non-vault monster count
 E = Vault monster count
 F = Vault count percentage of total count
                 A         B        C        D         E       F
            +---------+---------+-------+---------+---------+-------
      Total |   63282 |   12324 |  16.3 |     432 |      63 |  12.7
            +---------+---------+-------+---------+---------+-------
        D:1 |      51 |       3 |   5.6 |      23 |       1 |   4.2
        D:2 |      55 |      58 |  51.3 |      22 |       6 |  21.4
        D:3 |      88 |     122 |  58.1 |      18 |       7 |  28.0
        D:4 |     369 |     390 |  51.4 |      20 |       2 |   9.1
        D:5 |     461 |       0 |   0.0 |      24 |       0 |   0.0
        D:6 |    1013 |       1 |   0.1 |      17 |       1 |   5.6
        D:7 |    1073 |     455 |  29.8 |      36 |       1 |   2.7
        D:8 |     845 |       0 |   0.0 |      15 |       0 |   0.0
        D:9 |    1558 |     704 |  31.1 |      13 |       5 |  27.8
       D:10 |    1873 |       0 |   0.0 |      38 |       0 |   0.0
       D:11 |    6208 |    1632 |  20.8 |      36 |       2 |   5.3
       D:12 |    3210 |       0 |   0.0 |      14 |       0 |   0.0
     Lair:1 |    2321 |    1581 |  40.5 |      10 |       7 |  41.2
     Lair:2 |    4338 |    1014 |  18.9 |      23 |       2 |   8.0
     Lair:3 |    4290 |    1153 |  21.2 |      18 |      16 |  47.1
     Lair:4 |    6754 |       0 |   0.0 |      31 |       0 |   0.0
     Lair:5 |   10464 |       0 |   0.0 |      35 |       0 |   0.0
     Lair:6 |   17739 |    3288 |  15.6 |      34 |       6 |  15.0
      Orc:1 |     572 |    1923 |  77.1 |       5 |       7 |  58.3
            +---------+---------+-------+---------+---------+-------
